 Dungeon Crawl Stone Soup version 0.29.1-2-gbd0b4ee654 (webtiles) character file.

Game seed: 17888465182615799172

457 styxcanada the Covert (level 6, 0/32 HPs)
             Began as a Spriggan Brigand on Nov 2, 2022.
             Slain by a small abomination (12 damage)
             ... on level 4 of the Dungeon.
             The game lasted 00:18:51 (5545 turns).

styxcanada the Covert (Spriggan Brigand)            Turns: 5545, Time: 00:18:51

Health: 0/32       AC:  3    Str:  7    XL:     6   Next: 77%
Magic:  8/8        EV: 19    Int: 12    God:
Gold:   229        SH:  0    Dex: 19    Spells: 4/6 levels left

rFire   . . .      SeeInvis +   a - +3 dagger
rCold   . . .      Faith    .   (no shield)
rNeg    . . .      Spirit   .   b - +0 robe
rPois   .          Reflect  .   (helmet restricted)
rElec   .          Harm     .   c - +0 cloak
rCorr   .          Rampage  .   (gloves unavailable)
Will    +....                   (boots unavailable)
Stlth   ++++......              (no amulet)
HPRegen 0.10/turn               (no ring)
MPRegen 0.11/turn               (no ring)

@: very quick
A: very small, no large weapons, unfitting armour, see invisible, speed 3
a: no special abilities


You were on level 4 of the Dungeon.
You visited 1 branch of the dungeon, and saw 4 of its levels.

You collected 229 gold pieces.

Inventory:

Hand Weapons
 a - a +3 dagger (weapon)
 i - a +0 sling
Missiles
 d - 20 poisoned darts (quivered)
 e - 3 curare-tipped darts
 g - 26 stones
 t - a throwing net
Armour
 b - a +0 robe (worn)
 c - a +0 cloak (worn)
 f - a scarf of repulsion
Magical Staves
 q - a staff of poison
Jewellery
 h - a ring of protection from fire
Wands
 r - a wand of paralysis (5)
Scrolls
 k - a scroll of enchant weapon
 m - 2 scrolls of blinking
 o - a scroll of butterflies
 p - a scroll of identify
 u - a scroll of silence {unknown}
 v - a scroll of immolation
 w - a scroll of teleportation {unknown}
Potions
 j - 3 potions of curing
 l - 2 potions of brilliance
 n - a potion of magic
 s - a potion of cancellation


   Skills:
 * Level 2.6 Fighting
 + Level 3.3 Short Blades
 + Level 2.8 Throwing
 * Level 4.0 Dodging
 * Level 9.3 Stealth
 * Level 0.7 Spellcasting
 * Level 0.2 Conjurations
 * Level 0.5 Air Magic
 * Level 0.6 Evocations


You had 4 spell levels left.
You knew the following spells:

 Your Spells              Type           Power      Damage    Failure   Level
a - Static Discharge      Conj/Air       1%         3-4/arc   38%         2

Your spell library contained the following spells:

 Spells                   Type           Power      Damage    Failure   Level
 Sticky Flame             Conj/Fire      0%         2d3       96%         4
 Dispel Undead            Necr           0%         3d6       97%         4


Dungeon Overview and Level Annotations

Branches:
Dungeon (4/15)
 Temple: D:4-7

Altars:
Qazlal

Shops:
D:1 !   D:2 =

Portals:
Abyss: D:4

Annotations:
D:4 1 transporter, KittyFluff's ghost, novice GrBe


Innate Abilities, Weirdness & Mutations

You are very small and have problems with some larger weapons.
You are too small for most types of armour.
You have supernaturally acute eyesight. (SInv)
You cover ground extremely quickly. (Speed+++)


Message History

KittyFluff's ghost turns its malevolent gaze towards you.
The small abomination closely misses you.
The shadow imp shouts, "Run away, thou spongy dizzy-eyed gonus!"
You hit the small abomination.
The small abomination is lightly damaged.
Something shouts, "Take thy face hence, thou pox-marked ill-nurtured mish-mash!"
The small abomination closely misses you.
You see here 4 gold pieces.
You now have 229 gold pieces (gained 4).
The small abomination completely misses you.
The shadow imp completely misses you.
The small abomination completely misses you.
The shadow imp puffs mist at you. The shadow imp misses you.
You hit the shadow imp.
The shadow imp is moderately wounded.
The small abomination hits you!!
Ouch! That really hurt!
You hit the shadow imp but do no damage.
The shadow imp is moderately wounded.
The shadow imp closely misses you. x2
The small abomination completely misses you.
You closely miss the shadow imp.
The shadow imp is moderately wounded.
The shadow imp hits you. The shadow imp barely misses you.
The small abomination barely misses you.
Okay, then.
You hit the shadow imp.
The shadow imp is severely wounded.
The small abomination misses you. The shadow imp barely misses you.
The shadow imp misses you.
KittyFluff's ghost whispers, "Death is liberation."
You barely miss the shadow imp.
The shadow imp is severely wounded.
The small abomination completely misses you.
The shadow imp closely misses you. x2
You hit the shadow imp but do no damage.
The shadow imp is severely wounded.
The small abomination hits you!
You die...

....#.##..##..##.##..##...^..#..#
....#..#.###..#..##...#####.##..#
....#....# #..#^..##....#..##...#
....#...)###..##...###.##..##...#
#####.....##...###.#.###.##.##..#
.................#.#..©.##...#...
................##W##..#.#..##..#
.........#.....##5#.W....#.##...#
........####..##@#.####....#....#
.......## #..#.5x.#.©##..###...#
..#...## #..##.###...###..#...#
..##.## #...###.......####...#
'##### #....©...............# .#
#....................# .#
#####................. .#
################## .#


You could see a small abomination, KittyFluff's ghost and 2 shadow imps.

Vanquished Creatures
  Sigmund (D:2)
  A centaur zombie (D:3)
  A bullfrog zombie (D:3)
  A gnoll bouda (D:4)
  Terence (D:2)
  8 gnolls
  An adder (D:4)
  An ufetubus (D:4)
  2 worms (D:2)
  3 dart slugs
  The ghost of toasterman the Grave Robber, a weakling DsNe (D:3)
  An orc (D:4)
  8 ball pythons
  6 bats
  10 endoplasms
  A giant cockroach (D:1)
  6 goblins
  7 hobgoblins
  7 jackals (D:1)
  5 quokkas
  4 frilled lizards
  5 kobolds
  4 rats
85 creatures vanquished.

Notes
Turn   | Place    | Note
-------+----------+-------------------------------------------
     0 | D:1      | styxcanada the Spriggan Brigand began the quest for the
                  | Orb.
     0 | D:1      | Reached XP level 1. HP: 10/10 MP: 2/2
    55 | D:1      | Found a faded altar of an unknown god.
    78 | D:1      | Reached skill level 6 in Stealth
   386 | D:1      | Reached XP level 2. HP: 15/15 MP: 3/3
   615 | D:1      | Found Qeypor Cunn's Distillery.
   634 | D:1      | Reached XP level 3. HP: 18/18 MP: 4/4
   947 | D:2      | Reached skill level 7 in Stealth
  1013 | D:2      | Noticed Sigmund
  1076 | D:2      | Killed Sigmund
  1077 | D:2      | Reached skill level 8 in Stealth
  1077 | D:2      | Reached XP level 4. HP: 5/23 MP: 5/5
  1077 | D:2      | Reached XP level 5. HP: 6/27 MP: 6/6
  1617 | D:3      | Found a stormy altar of Qazlal.
  1952 | D:3      | Found a runed translucent gate.
  1952 | D:3      | Found a runed translucent gate.
  1952 | D:3      | Found a runed translucent gate.
  1954 | D:3      | Noticed toasterman's ghost (weakling DsNe)
  2005 | D:3      | Killed toasterman's ghost
  2022 | D:3      | Reached XP level 6. HP: 11/32 MP: 7/7
  2324 | D:2      | Noticed Terence
  2331 | D:2      | Killed Terence
  2510 | D:2      | Found Ykkuffy's Jewellery Shop.
  3032 | D:2      | Reached skill level 9 in Stealth
  3522 | D:3      | Learned a level 2 spell: Static Discharge
  5099 | D:4      | Found a transporter.
  5100 | D:4      | Found a one-way gate to the infinite horrors of the Abyss.
  5100 | D:4      | Noticed KittyFluff's ghost (novice GrBe)
  5107 | D:4      | Found a transporter.
  5545 | D:4      | Slain by a small abomination

Illustrated notes

Levels and vault maps discovered:
D:1:      shiori_arrival_maze, layout_basic,
          shapermc_ecumenical_altar_flowoftime, serial_shops,
          nicolae_shop_competitors_out_of_business
D:2:      layout_basic, serial_shops, nicolae_diamond_shop, uniq_terence,
          uniq_sigmund
D:3:      layout_loops_corners, mainiacjoe_overflow_alcove_4,
          gammafunk_ghost_necromancy
D:4:      layout_basic, gammafunk_ghost_abyssal_escape,
          kennysheep_generic_room_2

Skill      XL: |  1  2  3  4  5  6 |
---------------+-------------------+-----
Stealth        | 6 8 9 |  9.3
Fighting       | 2 |  2.6
Dodging        | 3 4 |  4.0
Short Blades   | 3 |  3.3
Throwing       | |  2.8
Spellcasting   | |  0.7
Conjurations   | |  0.2
Air Magic      | |  0.5
Evocations     | |  0.6

Action                   |  1- 3 |  4- 6 || total
-------------------------+-------+-------++-------
Melee: Dagger            |    86 |   173 ||   259
       Punch             |       |     3 ||     3
Throw: Dart              |    20 |    30 ||    50
  Use: Scroll            |       |     9 ||     9
       Potion            |       |     2 ||     2
 Stab: Sleeping          |     7 |    21 ||    28
       Distracted        |       |     1 ||     1
Armor: Robe              |    11 |    14 ||    25
Dodge: Dodged            |    68 |   110 ||   178
